 Dungeon Crawl Stone Soup version 0.31.0-11-ge490571c62 (webtiles) character file.

Game seed: 10471201822939237615

52 Daunt the Caller (level 3, -4/19 HPs)
             Began as a Gargoyle Summoner on Jan 28, 2024.
             Slain by a hobgoblin (6 damage)
             ... led by Robin
             ... on level 2 of the Dungeon.
             The game lasted 00:11:14 (894 turns).

Daunt the Caller (Gargoyle Summoner)                 Turns: 894, Time: 00:11:15

Health: -4/19      AC:  5    Str: 11    XL:     3   Next: 85%
Magic:  3/6        EV: 12    Int: 17    God:
Gold:   109        SH:  0    Dex: 10    Spells: 0/6 levels left

rFire   . . .        h - +0 spear
rCold   . . .        (no shield)
rNeg    + . .        a - +0 robe
rPois   ∞            (no helmet)
rElec   +            (no cloak)
rCorr   .            (no gloves)
SInv    .            (no boots)
Will    .....        (no amulet)
Stlth   ++           (no ring)
HPRegen 0.23/turn    (no ring)
MPRegen 0.10/turn

%: no passive effects
@: no status effects
A: sickness immunity, AC +3, negative energy resistance 1, electricity
resistance, torment resistance 1, petrification resistance
a: no special abilities


You were on level 2 of the Dungeon.
You visited 1 branch of the dungeon, and saw 2 of its levels.

You collected 109 gold pieces.

Inventory:

Hand Weapons
 h - a +0 spear (weapon)
Missiles
 g - 19 stones
 i - 3 boomerangs
 k - 6 darts of dispersal
Armour
 a - a +0 robe (worn)
Scrolls
 c - 2 scrolls of immolation {unknown}
 e - a scroll of amnesia {unknown}
 f - a scroll of vulnerability {unknown}
 j - a scroll of summoning {unknown}
 l - a scroll of identify {unknown}
Potions
 b - a potion of magic
 d - 2 potions of cancellation {unknown}
 m - a potion of enlightenment {unknown}


   Skills:
 + Level 0.2 Fighting
 - Level 1.6 Dodging
 - Level 2.2 Stealth
 + Level 2.0 Spellcasting
 * Level 4.8 Summonings


You couldn't memorise any spells.
You knew the following spells:

 Your Spells              Type           Power      Damage    Failure   Level
a - Summon Small Mammal   Summ           72%        N/A       2%          1
c - Call Canine Familiar  Summ           18%        N/A       9%          3
i - Call Imp              Summ           36%        N/A       4%          2

Your spell library contained the following spells:

 Spells                   Type           Power      Damage    Failure   Level
 Summon Blazeheart Golem  Fire/Summ      9%         N/A       56%         4
 Summon Lightning Spire   Summ/Air       9%         N/A       56%         4


Dungeon Overview and Level Annotations

Branches:
Dungeon (2/15)

Altars:

Annotations:
D:2 Robin


Innate Abilities, Weirdness & Mutations

You are immune to sickness and miasma.
Your stone body is resilient. (AC +3)
You are immune to poison.
You resist negative energy. (rN+)
You are resistant to electric shocks. (rElec)
You are resistant to unholy torment.
You are immune to petrification.


Message History

Casting: Summon Small Mammal (safe; 2% risk of failure)
Confirm with . or Enter, or press ? or * to list all spells.
A tiny devil pulls itself out of the air.
The hobgoblin closely misses you. The goblin hits you with a +0 dagger.
Robin hits you but does no damage.
Your rat barely misses Robin.
Unknown command.
Unknown command.
The goblin barely misses you.
The hobgoblin attacks as it pursues you!
The hobgoblin misses you. Robin attacks as they pursue you!
Robin hits you from afar with a +0 spear.
Your rat barely misses Robin.
Your cerulean imp hits the hobgoblin but does no damage.
The goblin barely misses you. Robin attacks as they pursue you!
Robin hits you from afar with a +0 spear.
Your cerulean imp hits the hobgoblin from afar with a -3 spear.
Your rat bites Robin.
The hobgoblin attacks as it pursues you!
The hobgoblin hits you.
* * * LOW HITPOINT WARNING * * *
Robin roars a battlecry!
The hobgoblins go into a battle-frenzy!
Your rat closely misses Robin.
Your cerulean imp closely misses the hobgoblin.
The goblin attacks as it pursues you! The goblin hits you with a +0 dagger.
* * * LOW HITPOINT WARNING * * *
Robin hits your cerulean imp but does no damage.
The endoplasm barely misses something.
Your cerulean imp hits Robin but does no damage.
Robin hits your cerulean imp but does no damage.
You see here a +0 club.
The goblin no longer looks unusually strong.
The hobgoblin attacks as it pursues you!
The hobgoblin barely misses you.
Your cerulean imp hits Robin but does no damage.
Your rat closely misses Robin.
There is a stone staircase leading up here.
Your cerulean imp hits Robin with a -3 spear.
The hobgoblin hits you.
You die...

... ...# #### .#
...# <..# .# #...#
##..## .# ###....
#...###. .... #
##..#.. ##)#
######...# ###g@#
.....##.r####gg.##
.....#.J.r5...###
.........Jg...#
..................#
................###
.....#.))..........
######!...........#
#..........###


You could see Robin (ally target), an endoplasm, 2 hobgoblins, a goblin, a
friendly cerulean imp (summoned) and a friendly rat (summoned).

Vanquished Creatures
  2 dart slugs (D:1)
  5 bats (D:1)
  2 endoplasms (D:1)
  4 hobgoblins (D:1)
  A kobold (D:1)
  2 ball pythons (D:1)
  2 frilled lizards (D:1)
  3 goblins
  A rat (D:1)
22 creatures vanquished.

Vanquished Creatures (collateral kills)
  2 dart slugs (D:1)
  A bat (D:1)
  An endoplasm (D:1)
  7 goblins
  2 hobgoblins
  A quokka (D:1)
  A frilled lizard (D:2)
  A kobold (D:1)
  A rat (D:2)
17 creatures vanquished.

Grand Total: 39 creatures vanquished

Notes
Turn   | Place    | Note
-------+----------+-------------------------------------------
     0 | D:1      | Daunt the Gargoyle Summoner began the quest for the Orb.
     0 | D:1      | Reached XP level 1. HP: 10/10 MP: 3/3
   180 | D:1      | Reached XP level 2. HP: 15/15 MP: 3/5
   193 | D:1      | Learned a level 2 spell: Call Imp
   214 | D:1      | Reached skill level 4 in Summonings
   298 | D:2      | Noticed Robin
   391 | D:1      | Reached XP level 3. HP: 17/19 MP: 3/6
   580 | D:1      | Learned a level 3 spell: Call Canine Familiar
   894 | D:2      | Slain by a hobgoblin

Illustrated notes

Levels and vault maps discovered:
D:1:      lightli_arrival_lavapool, layout_loops_ring, minmay_heptomino_o4
D:2:      cheibrodos_helix_gallery, layout_rooms, basic_altar, uniq_robin,
          uniq_jessica

Skill      XL: |  1  2 |
---------------+-------+-----
Summonings     | 4 |  4.8
Fighting       | |  0.2
Dodging        | |  1.6
Stealth        | |  2.2
Spellcasting   | |  2.0

Action                     || total
---------------------------++-------
  Melee: Unarmed           ||    56
         Punch             ||     1
         Spear             ||    41
   Cast: Summon Small Mamm ||     9
         Call Imp          ||    12
         Call Canine Famil ||     2
 Armour: Robe              ||    85
  Dodge: Dodged            ||    78
